 Dungeon Crawl Stone Soup version 0.28.0-45-g0d030f2227 (webtiles) character file.

Game seed: 3316655822733209107

39 McKennaii the Caller (level 3, 0/26 HPs)
             Began as a Demigod Summoner on Apr 17, 2022.
             Succumbed to an adder's poison
             ... on level 2 of the Dungeon.
             The game lasted 00:02:52 (2253 turns).

McKennaii the Caller (Demigod Summoner)             Turns: 2253, Time: 00:02:53

Health: 0/26       AC:  3    Str:  9    XL:     3   Next: 11%
Magic:  7/9        EV: 12    Int: 21    God:
Gold:   43         SH:  0    Dex: 14    Spells: 4/7 levels left

rFire   . . .      SeeInvis .   (no weapon)
rCold   . . .      Faith    .   (no shield)
rNeg    . . .      Spirit   .   a - +0 robe
rPois   .          Reflect  .   (no helmet)
rElec   .          Harm     .   g - +0 cloak
rCorr   .          Rampage  .   (no gloves)
Will    .....                   (no boots)
Stlth   ++........              (no amulet)
HPRegen 0.08/turn               (no ring)
MPRegen 0.11/turn               (no ring)

@: lethally poisoned (0 -> -6)
A: high MP 1, forlorn, divine attributes
a: no special abilities


You were on level 2 of the Dungeon.
You visited 1 branch of the dungeon, and saw 2 of its levels.

You collected 43 gold pieces.

Inventory:

Armour
 a - a +0 robe (worn)
 g - a +0 cloak (worn)
Scrolls
 b - 2 scrolls of amnesia {unknown}
 c - 3 scrolls of identify {unknown}
 d - a scroll of brand weapon {unknown}
 e - a scroll of fog {unknown}
Potions
 f - a potion of brilliance {unknown}


   Skills:
 - Level 1.7 Dodging
 - Level 1.7 Stealth
 + Level 2.5 Spellcasting
 + Level 4.2 Summonings


You had 4 spell levels left.
You knew the following spells:

 Your Spells              Type           Power      Damage    Failure   Level
a - Summon Small Mammal   Summ           80%        N/A       2%          1
b - Call Imp              Summ           20%        N/A       3%          2

Your spell library contained the following spells:

 Spells                   Type           Power      Damage    Failure   Level
 Call Canine Familiar     Summ           20%        N/A       8%          3
 Summon Guardian Golem    Hex/Summ       11%        N/A       19%         3
 Summon Lightning Spire   Summ/Air       11%        N/A       52%         4


Dungeon Overview and Level Annotations

Branches:
Dungeon (2/15)


Innate Abilities, Weirdness & Mutations

You have an increased reservoir of magic. (+10% MP)
You shall have no god before yourself.
Your divine heritage dramatically boosts your attributes as you level up.


Message History

The adder bites you. The adder bites you.
You are poisoned.
The adder poisons you!
An adder comes into view.
The adder misses you.
You closely miss the adder.
You feel sick.
Your bat misses the adder. The adder bites you.
Your rat bites the adder.
Unknown command.
You miss the adder.
The adder is lightly wounded.
You feel sick.
Your bat closely misses the adder.
The adder barely misses you.
Your rat barely misses the adder.
You miss the adder.
The adder is lightly wounded.
You feel sick.
Your bat barely misses the adder.
The adder closely misses you.
Your rat bites the adder.
The adder bites you.
You are more poisoned.
The adder poisons you!
You feel sick.
Your bat misses the adder.
Your rat completely misses the adder.
You feel sick.
Your bat closely misses the hobgoblin.
You feel sick.
Your bat closely misses the hobgoblin.
The hobgoblin barely misses your rat.
Your rat bites the adder but does no damage.
You feel sick. The hobgoblin barely misses your rat. The adder bites you.
* * * LOW HITPOINT WARNING * * *
Casting: Summon Small Mammal (safe; 2% risk of failure)
Confirm with . or Enter, or press ? or * to list all spells.
You feel sick.
Your rat disappears in a puff of smoke!
The adder bites you.
* * * LOW HITPOINT WARNING * * *
You are lethally poisoned!
The adder poisons you!
Unknown command.
Unknown command.
* * * LOW HITPOINT WARNING * * *
You feel sick.
You swap places.
You die...

#.# #.# #.###.##. #.# #.#
#......$... #.# #.#
#..........
####.###.#######.#.......#
#.....##.........#........
####..###................#
#......#..###.#......#
##........###.#.....#
...........@bSS.g...###
#####################


You could see 2 adders, a hobgoblin and a friendly bat (summoned).

Vanquished Creatures
  2 bats (D:1)
  A frilled lizard (D:2)
  A rat (D:2)
4 creatures vanquished.

Vanquished Creatures (collateral kills)
  5 ball pythons
  2 endoplasms
  2 giant cockroaches
  2 goblins (D:1)
  2 hobgoblins (D:1)
  4 jackals (D:1)
  4 kobolds (D:1)
  3 quokkas (D:1)
  2 bats
  2 frilled lizards
  4 rats
32 creatures vanquished.

Grand Total: 36 creatures vanquished

Notes
Turn   | Place    | Note
-------+----------+-------------------------------------------
     0 | D:1      | McKennaii the Demigod Summoner began the quest for the Orb.
     0 | D:1      | Reached XP level 1. HP: 14/14 MP: 5/5
   216 | D:1      | Reached XP level 2. HP: 15/20 MP: 3/7
   516 | D:1      | Reached skill level 4 in Summonings
  1689 | D:1      | Learned a level 2 spell: Call Imp
  1895 | D:2      | Reached XP level 3. HP: 14/26 MP: 6/9
  2253 | D:2      | Succumbed to an adder's poison

Illustrated notes

Levels and vault maps discovered:
D:1:      arrival_zaba_pyramid, layout_basic,
          shapermc_ecumenical_altar_mp_highgroup
D:2:      layout_loops_ring, hangedman_decor_lopped, minivault_19,
          uniq_crazy_yiuf_cottage

Skill      XL: |  1  2 |
---------------+-------+-----
Spellcasting   | 2 |  2.5
Summonings     | 4 |  4.2
Dodging        | |  1.7
Stealth        | |  1.7

Action                   || total
-------------------------++-------
Melee: Unarmed           ||    83
 Cast: Summon Small Mamm ||    54
Armor: Robe              ||    22
Dodge: Dodged            ||    86
